 Dungeon Crawl Stone Soup version 0.32-a0-868-g153ae1a8d6 (webtiles) character file.

Game seed: 8335448951894953976

36863 gtommo1 the Warrior (level 13, -4/115 HPs)
             Began as a Human Fighter on Mar 29, 2024.
             Was a Priest of the Shining One.
             Slain by Rupert
             ... wielding a +6 great mace of holy wrath
              (25 damage)
             ... on level 5 of the Lair of Beasts.
             The game lasted 01:21:33 (15514 turns).

gtommo1 the Warrior (Human Fighter)                Turns: 15514, Time: 01:21:34

Health: -4/115     AC: 26    Str: 31    XL:     13   Next: 93%
Magic:  13/13      EV:  9    Int:  9    God:    the Shining One [***...]
Gold:   1380       SH:  6    Dex: 19    Spells: 12/12 levels left

rFire   . . .        i - +0 long sword (protect)
rCold   . . .        c - +0 buckler
rNeg    + + .        t - +4 scale mail of Gravitas {rN+ Str+6 Int-2}
rPois   .            v - +2 hat
rElec   .            b - +0 cloak
rCorr   .            h - +0 pair of gloves
SInv    .            (no boots)
Will    .....        g - amulet of regeneration Stlth
                     z - +6 ring of strength
HPRegen 1.19/turn    C - +6 ring of dexterity
MPRegen 0.13/turn

%: no passive effects
@: under a protective aura, glowing, studying Earth Magic
A: explore regen, talons 1, iridescent scales 1, wild magic 1, MP-powered wands
a: Renounce Religion, Divine Shield, Cleansing Flame


You were on level 5 of the Lair of Beasts.
You worshipped the Shining One.
The Shining One was most pleased with you.
You visited 3 branches of the dungeon, and saw 17 of its levels.
You also visited: Sewer and Bailey.

You collected 1380 gold pieces.

Inventory:

Hand Weapons
 i - a +0 long sword of protection (weapon)
Missiles
 r - 21 boomerangs (quivered)
 G - a throwing net
 S - 2 darts of dispersal
Armour
 b - a +0 cloak (worn)
 c - a +0 buckler (worn)
 h - a +0 pair of gloves (worn)
 t - the +4 scale mail of Gravitas (worn) {rN+ Str+6 Int-2}
   (You found it on level 3 of the Dungeon)

   Str+6:     It affects your strength (+6).
   Int-2:     It affects your intelligence (-2).
   rN+:       It protects you from negative energy.
 v - a +2 hat (worn)
Jewellery
 a - a ring of positive energy
 d - an amulet of reflection
 g - an amulet of regeneration (around neck)
 s - an amulet of magic regeneration
 z - a +6 ring of strength (left hand)
 C - a +6 ring of dexterity (right hand)
 E - a ring of fire
 I - a ring of magical power
 M - a ring of flight
 V - a ring of ice
Wands
 y - a wand of paralysis (9)
 K - a wand of flame (10)
 N - a wand of mindburst (1)
 Q - a wand of warping (6)
 R - a wand of digging (13)
 U - a wand of quicksilver (1)
Scrolls
 e - 4 scrolls of teleportation
 j - a scroll of vulnerability
 k - 2 scrolls of noise
 p - 3 scrolls of enchant weapon
 x - a scroll of immolation
 B - a scroll of fog
 F - 2 scrolls of amnesia
 J - a scroll of identify
Potions
 f - a potion of attraction
 l - 5 potions of enlightenment
 m - a potion of resistance
 n - a potion of mutation
 o - a potion of lignification
 q - 2 potions of cancellation {unknown}
 A - 5 potions of curing
 H - 2 potions of brilliance
 L - a potion of haste
 T - 2 potions of ambrosia


   Skills:
 * Level 15.0 Fighting
 + Level 13.2 Long Blades
 - Level 8.5 Throwing
 + Level 9.8 Armour
 + Level 5.0 Shields


You had 12 spell levels left.
You didn't know any spells.
Your spell library contained the following spells:

 Spells                   Type           Power      Damage    Failure   Level
 Freeze                   Ice            0%         1d3       71%         1
 Magic Dart               Conj           0%         1d3       71%         1
 Shock                    Conj/Air       0%         1d3       71%         1
 Slow                     Hex            0%         N/A       71%         1
 Blink                    Tloc           0%         N/A       83%         2
 Call Imp                 Summ           0%         N/A       83%         2
 Scorch                   Fire           0%         2d5       83%         2
 Confusing Touch          Hex            0%         N/A       96%         3
 Frozen Ramparts          Ice            0%         1d1       96%         3
 Hailstorm                Conj/Ice       0%         3d5       96%         3
 Swiftness                Air            0%         N/A       96%         3
 Vampiric Draining        Necr           0%         2d6       96%         3
 Airstrike                Air            0%         2d(0-16)  100%        4
 Flame Wave               Conj/Fire      0%         2d4       100%        4
 Summon Cactus Giant      Summ           0%         N/A       100%        6


Dungeon Overview and Level Annotations

Branches:
Dungeon (11/15)            Temple (1/1) D:6            Lair (5/5) D:8
 Shoals (0/4) Lair:2        Snake (0/4) Lair:3        Slime (0/5) Lair:4
    Orc (0/2) D:10          Sewer (visited)          Bailey (visited)

Altars:
Ashenzari
Cheibriados
Dithmenos
Elyvilon
Fedhas
Gozag
Hepliaklqana
Kikubaaqudgha
Makhleb
Nemelex Xobeh
Okawaru
Qazlal
Ru
Sif Muna
Trog
Uskayaw
Vehumet
Wu Jian
Xom
Yredelemnul
Zin
The Shining One
Beogh
Jiyva

Shops:
D:3 =

Annotations:
D:9 2 transporters
D:11 Erica
Lair:5 Rupert


Innate Abilities, Weirdness & Mutations

You regain HP and MP as you explore.
You have sharp toenails.
You are partially covered in iridescent scales. (AC +2)
Your spells are a little harder to cast, but a little more powerful.
You expend magic power (3 MP) to strengthen your wands.


Message History

Rupert lets out a booming laugh, sending rocks and debris crashing down.
Rupert roars madly and goes into a rage!
Rupert goes berserk!
You hit Rupert. You claw Rupert.
Rupert is heavily wounded.
Rupert hits you with a +6 great mace of holy wrath!!
You feel much better. Rupert barely misses you.
Rupert hits you but does no damage.
You slash Rupert! You claw Rupert, but do no damage.
Rupert is severely wounded.
Rupert hits you but does no damage.
You slash Rupert! Your kick misses Rupert.
Rupert is severely wounded.
Rupert hits you but does no damage.
You barely miss Rupert. You claw Rupert, but do no damage.
Rupert is severely wounded.
Rupert hits you with a +6 great mace of holy wrath.
You barely miss Rupert.
Rupert is severely wounded.
Rupert hits you but does no damage.
You hit Rupert but do no damage. You claw Rupert, but do no damage.
Rupert is severely wounded.
Rupert hits you with a +6 great mace of holy wrath!
You slash Rupert! You claw Rupert!
Rupert is severely wounded.
Rupert hits you with a +6 great mace of holy wrath!
You hit Rupert.
Rupert is almost dead.
Rupert hits you with a +6 great mace of holy wrath!!!
* * * LOW HITPOINT WARNING * * *
Rupert misses you.
Okay, then.
Okay, then.
Okay, then.
Okay, then.
You barely miss Rupert.
Rupert is almost dead.
Rupert hits you with a +6 great mace of holy wrath!!
You die...
Rupert roars with triumph.

.............................
..........÷..................
.........................P...
........................P...#
..........................#.#.
.............................##
...........................P..#
....................#....#.....
................@...#....#.....
.....P..........@............#
...........................##
.................#..###.####
.....................#..###
.....................#....#
...........P........#.#...##
....÷......P.....#....#....#
....÷...P......###......#.##


You could see Rupert (berserk).

Vanquished Creatures
  Josephine (D:10)
  2 hydras
  Fannar (D:10)
  Nergalle (D:10)
  3 skysharks
  2 lindwurms
  An orc knight (Bailey)
  A deep elf zephyrmancer (D:10)
  A cyclops (D:11)
  7 elephants (Lair:2)
  2 black mambas
  15 cane toads
  2 unseen horrors (D:10)
  10 komodo dragons
  3 rime drakes
  3 polar bears
  A hornet (D:8)
  12 blink frogs
  4 wyverns
  28 yaks
  3 wraiths
  2 basilisks
  9 steam dragons
  Menkaure (D:5)
  A vampire mosquito (D:9)
  5 nagas (Lair:3)
  3 acid dragons
  17 water moccasins
  10 orc warriors
  A sky beast (D:7)
  An ice beast (D:6)
  2 black bears
  15 wolves
  2 ogres
  5 centaurs
  9 bullfrogs
  3 kobold brigands
  2 gnoll sergeants (D:7)
  4 scorpions
  13 wights
  4 killer bees (D:9)
  2 electric eels (Lair:3)
  3 howler monkeys (D:8)
  A hound (D:5)
  2 jellies
  9 orc priests
  2 gnoll boudas
  Jessica (D:2)
  2 iguanas
  Terence (D:2)
  8 orc wizards
  25 gnolls
  11 adders
  2 white imps (D:6)
  4 ufetubi
  4 ribbon worms
  9 dart slugs
  34 orcs
  13 ball pythons
  8 endoplasms
  13 giant cockroaches
  8 hobgoblins
  8 jackals
  32 kobolds
  8 quokkas
  9 bats
  4 frilled lizards
  5 goblins
  7 rats
447 creatures vanquished.

Notes
Turn   | Place    | Note
-------+----------+-------------------------------------------
     0 | D:1      | gtommo1 the Human Fighter began the quest for the Orb.
     0 | D:1      | Reached XP level 1. HP: 18/18 MP: 1/1
   104 | D:1      | You fall into a shaft and drop 1 floor!
   117 | D:2      | Reached XP level 2. HP: 22/24 MP: 2/2
   334 | D:2      | Reached XP level 3. HP: 27/27 MP: 3/3
   903 | D:1      | Reached skill level 4 in Fighting
  1123 | D:2      | Reached XP level 4. HP: 32/36 MP: 4/4
  1158 | D:2      | Noticed Terence
  1246 | D:2      | Killed Terence
  1439 | D:2      | Noticed Jessica
  1445 | D:2      | Killed Jessica
  1446 | D:2      | Reached XP level 5. HP: 39/43 MP: 5/5
  1955 | D:3      | Found a faded altar of an unknown god.
  2026 | D:3      | Identified the +4 scale mail of Gravitas {rN+ Str+6 Int-2}
  2063 | D:3      | Found an ornate altar of the Wu Jian Council.
  2102 | D:3      | Found Boizxeargh's Jewellery Boutique.
  2671 | D:4      | Noticed an ogre
  2690 | D:3      | Gained mutation: Your spells are a little harder to cast,
                  | but a little more powerful. [potion of mutation]
  2690 | D:3      | Gained mutation: You possess an exceptional clarity of
                  | mind. [potion of mutation]
  2690 | D:3      | Gained mutation: You are vulnerable to cold. (rC-) [potion
                  | of mutation]
  2690 | D:3      | Gained mutation: You expend magic power (3 MP) to
                  | strengthen your wands. [potion of mutation]
  2693 | D:3      | Lost mutation: You possess an exceptional clarity of mind.
                  | [potion of mutation]
  2693 | D:3      | Lost mutation: You are vulnerable to cold. (rC-) [potion of
                  | mutation]
  2693 | D:3      | Gained mutation: You have sharp toenails. [potion of
                  | mutation]
  2693 | D:3      | Gained mutation: You are partially covered in iridescent
                  | scales. (AC +2) [potion of mutation]
  2735 | D:4      | Killed an ogre
  2736 | D:4      | Reached skill level 5 in Fighting
  2736 | D:4      | Reached XP level 6. HP: 13/51 MP: 6/6
  3095 | D:4      | Found a sacrificial altar of Ru.
  3246 | D:5      | Entered Level 5 of the Dungeon
  3518 | D:5      | Reached XP level 7. HP: 54/57 MP: 7/7
  3553 | D:5      | Reached skill level 6 in Fighting
  3651 | D:5      | Reached skill level 7 in Fighting
  3724 | D:5      | Reached skill level 5 in Long Blades
  3748 | D:5      | Reached XP level 8. HP: 67/67 MP: 8/8
  3795 | D:5      | Found a glowing drain.
  3800 | Sewer    | Entered a sewer
  4589 | D:5      | Noticed Menkaure
  4625 | D:5      | Killed Menkaure
  4639 | D:5      | Reached skill level 8 in Fighting
  5028 | D:6      | Reached skill level 9 in Fighting
  5096 | D:6      | Reached XP level 9. HP: 76/76 MP: 9/9
  5109 | D:6      | Found a glowing silver altar of Zin.
  5415 | D:6      | Found an opulent altar of Gozag.
  5567 | D:6      | Found a staircase to the Ecumenical Temple.
  5576 | Temple   | Entered the Ecumenical Temple
  5664 | Temple   | Became a worshipper of the Shining One
  5735 | D:7      | Noticed a komodo dragon
  5749 | D:7      | Killed a komodo dragon
  5750 | D:7      | Reached skill level 10 in Fighting
  6174 | D:7      | Reached skill level 11 in Fighting
  6699 | D:8      | Reached XP level 10. HP: 71/88 MP: 10/10
  6943 | D:8      | Reached * piety under the Shining One
  7037 | D:8      | Found a sparkling altar of Nemelex Xobeh.
  7112 | D:8      | Found a staircase to the Lair.
  7288 | D:8      | Paralysed by a hornet for 2 turns
  7486 | D:9      | Reached skill level 12 in Fighting
  7807 | D:9      | Found a flagged portal.
  7830 | Bailey   | Entered a bailey
  7841 | Bailey   | Noticed an orc knight
  7926 | Bailey   | Reached ** piety under the Shining One
  7987 | Bailey   | Killed an orc knight
  8083 | Bailey   | Identified the +2 robe of Kaip {rElec rC- Str+2}
  8377 | D:9      | Found a transporter.
  8379 | D:9      | Found a viscous altar of Jiyva.
  8413 | D:9      | Found a transporter.
  8557 | D:9      | Reached skill level 13 in Fighting
  9177 | D:10     | Entered Level 10 of the Dungeon
  9178 | D:10     | Found a broken altar of Ashenzari.
  9222 | D:10     | Noticed Fannar
  9228 | D:10     | Noticed Nergalle
  9323 | D:10     | Killed Nergalle
  9324 | D:10     | Reached skill level 1 in Throwing
  9324 | D:10     | Reached XP level 11. HP: 49/98 MP: 11/11
  9434 | D:10     | Noticed a deep elf zephyrmancer
  9502 | D:10     | Killed Fannar
  9620 | D:10     | Found a staircase to the Orcish Mines.
  9626 | D:10     | Found a roughly hewn altar of Beogh.
  9741 | D:10     | Killed a deep elf zephyrmancer
  9742 | D:10     | Reached skill level 10 in Long Blades
 10246 | D:10     | Reached skill level 14 in Fighting
 10363 | D:11     | Noticed a cyclops
 10376 | D:11     | Killed a cyclops
 10391 | D:11     | Noticed Josephine
 10391 | D:11     | Noticed Erica
 10408 | D:10     | Killed Josephine
 10494 | Lair:1   | Entered Level 1 of the Lair of Beasts
 10553 | Lair:1   | Reached skill level 5 in Armour
 10714 | Lair:1   | Reached *** piety under the Shining One
 10755 | Lair:1   | Reached skill level 5 in Throwing
 10921 | Lair:1   | Reached XP level 12. HP: 94/107 MP: 12/12
 12054 | Lair:2   | Found a staircase to the Shoals.
 12758 | Lair:3   | Found a staircase to the Snake Pit.
 12851 | Lair:3   | Noticed a skyshark
 12863 | Lair:3   | Killed a skyshark
 12864 | Lair:3   | Reached XP level 13. HP: 94/113 MP: 13/13
 14001 | Lair:4   | Found a viscous altar of Jiyva.
 14002 | Lair:4   | Found a staircase to the Slime Pits.
 14064 | Lair:4   | Identified the +2 spear of True Grit {drain, Int+4}
 14106 | Lair:4   | Reached **** piety under the Shining One
 14620 | Lair:5   | Entered Level 5 of the Lair of Beasts
 15166 | Lair:5   | Reached skill level 15 in Fighting
 15261 | Lair:5   | Reached skill level 5 in Shields
 15273 | Lair:5   | Noticed Rupert
 15498 | Lair:5   | Paralysed by Rupert for 5 turns
 15514 | Lair:5   | Slain by Rupert

Illustrated notes

Levels and vault maps discovered:
D:1:      onia_arrival_pyramid, layout_loops_ring, kennysheep_boxes
D:2:      layout_basic, amcnicky_mini_corridor_feature, minmay_distorted,
          uniq_jessica, uniq_terence
D:3:      layout_basic, lemuel_doored_altar, serial_shops, shop,
          hellmonk_ecumenical_altar_run_dry
D:4:      layout_loops_ring, nicolae_ru_the_path_less_chosen
D:5:      layout_cave_pools, portal_sewer_entry_e, uniq_menkaure
D:6:      layout_cave_pools, pdpol_temple_overflow_zin_treasury_gozag_greed,
          lemuel_temple_firewalk_b
D:7:      layout_loops_ring
D:8:      layout_basic, mainiacjoe_overflow_alcove_4, lair_entry_dummy,
          roderic_st_hans_cross, minmay_misc_feat_tiny, grunt_ministairs_8
D:9:      gammafunk_jiyva_shrine, layout_layer_cave, enter_bailey_4,
          st_stairs_5, hangedman_decor_push, kennysheep_donut
D:10:     layout_small_grid, mainiacjoe_overflow_chevrons,
          minmay_orc_entry_temple_small, kennysheep_just_a_vault, uniq_nergalle,
          uniq_fannar
D:11:     layout_big_octagon, elyvilon_altar_5, uniq_josephine, uniq_erica
Temple:   nicolae_temple_elliptical
Lair:1:   layout_concentric_octagons
Lair:2:   nzn_winding_woodlands_three_and_one
          [nzn_winding_woodlands_5x15_river_crossing,
          nzn_winding_woodlands_5x15_cabin,
          nzn_winding_woodlands_5x15_split_checker,
          nzn_winding_woodlands_center_diamonds], layout_regular_city,
          shoals_dummy_entry
Lair:3:   layout_gridlike, minmay_snake_entry_guardpost_medium,
          bobbens_dragon_lair_wall, infiniplex_staircase_pool,
          serial_bayou_shore_b
Lair:4:   layout_gridlike, slime_entry_1, grunt_megastairs_1
Lair:5:   hellmonk_lair_end_abyssal_woods, layout_cave_shapes, uniq_rupert

Skill      XL: |  1  2  3  4  5  6  7  8  9 10 11 12 13 |
---------------+----------------------------------------+-----
Fighting       | 4 5 7 9 11 13 14 15 | 15.0
Long Blades    | 3 4 5 6 8 9 10 12 13 | 13.2
Armour         | 4 6 8 9 |  9.8
Throwing       | 1 5 8 |  8.5
Shields        | 5 |  5.0

Action                     |  1- 3 |  4- 6 |  7- 9 | 10-12 | 13-15 || total
---------------------------+-------+-------+-------+-------+-------++-------
  Melee: Long sword        |   126 |   236 |   435 |   800 |   402 ||  1999
         Kick              |       |    18 |   132 |   379 |   216 ||   745
  Throw: Boomerang         |       |    19 |    54 |    76 |    32 ||   181
 Invoke: Divine Shield     |       |       |       |     1 |     1 ||     2
Ability: Evoke Invisibilit |     1 |     1 |       |       |       ||     2
  Evoke: Wand              |       |       |     6 |     4 |    33 ||    43
    Use: Potion            |     1 |     2 |     3 |     3 |     6 ||    15
         Scroll            |       |     6 |     4 |    12 |     5 ||    27
   Stab: Paralysed         |       |       |     4 |       |       ||     4
 Armour: Scale mail        |    91 |   251 |   500 |   730 |   522 ||  2094
         Ring mail         |       |    54 |       |       |       ||    54
  Dodge: Dodged            |    49 |   161 |   213 |   313 |   196 ||   932
  Block: Buckler           |    30 |    80 |   131 |   229 |   135 ||   605

Table legend: (Time is in decaauts)
 A = Elapsed time spent in this place.
 B = Non-inter-level travel time spent in this place.
 C = Inter-level travel time spent in this place.
 D = Time resting spent in this place.
 E = Time spent auto-exploring this place.
 F = Levels seen in this place.
 G = Mean time per level.
                   A        B        C        D        E       F      G
               +--------+--------+--------+--------+--------+-----+--------+
         Total |  15802 |  15107 |    695 |   1360 |   6685 |  19 |  831.7 |
       Dungeon |   9534 |   8964 |    570 |    518 |   4287 |  11 |  866.7 |
        Temple |    106 |     88 |     18 |      0 |      0 |   1 |  106.0 |
          Lair |   4866 |   4759 |    107 |    841 |   1934 |   5 |  973.2 |
         Sewer |    891 |    891 |      0 |      0 |    328 |   1 |  891.0 |
        Bailey |    404 |    404 |      0 |      0 |    134 |   1 |  404.0 |
               +--------+--------+--------+--------+--------+-----+--------+

Top non-repeatable levels by time:
     D:9: 1445 daAuts
  Lair:4: 1223 daAuts
    D:10: 1144 daAuts
  Lair:2: 1089 daAuts
  Lair:1: 1024 daAuts
     D:5: 940 daAuts
     D:4: 936 daAuts
     D:7: 933 daAuts
     D:1: 908 daAuts
   Sewer: 891 daAuts
     D:3: 856 daAuts
  Lair:3: 815 daAuts
     D:2: 811 daAuts
     D:8: 805 daAuts
  Lair:5: 713 daAuts
